Map: Data-C

Players

GungFuBanDa

  • Race: Protoss Protoss
  • Spawn Location: 9:00

Scarlett - Winner!

  • Race: Zerg Zerg
  • Spawn Location: 3:00

Event: DreamHack SC2 Masters 2022 Atlanta (Offline)

VOD

Have the link to the VOD?

Description

Time

  • Played on: Nov. 18, 2022, 11:30 a.m.
  • Length: 69:53

All games in this series

Show
View Real Time Build Order
Export as new Build Order

GungFuBanDa Protoss 

Build Orders: Oracle Opening, Carriers 

Get SALT Encoding   

  12  0:00  Probe  
  13  0:12  Probe  
  14  0:19  Pylon  
  14  0:24  Probe  
  15  0:37  Probe (Chrono Boost)  
  15  0:40  Gateway  
  16  0:46  Probe (Chrono Boost)  
  17  0:51  Probe, Assimilator  
  18  1:04  Probe  
  19  1:16  Probe  
  20  1:26  Zealot (Chrono Boost)  
  20  1:27  Cybernetics Core  
  20  1:30  Probe, Pylon  
  23  1:48  Probe  
  26  2:00  Probe  
  27  2:03  Adept (Chrono Boost)  
  27  2:13  Nexus  
  27  2:16  Warp Gate  
  27  2:21  Probe  
  27  2:22  Assimilator  
  28  2:28  Adept (Chrono Boost)  
  30  2:32  Pylon  
  30  2:36  Probe  
  31  2:50  Probe  
  32  3:03  Probe  
  32  3:05  Gateway  
  33  3:10  Stargate  
  33  3:15  Probe (Chrono Boost)  
  34  3:25  Probe (Chrono Boost)  
  36  3:27  Probe (Chrono Boost)  
  37  3:35  Probe x2 (Chrono Boost)  
  37  3:40  Probe (Chrono Boost)  
  38  3:41  Probe  
  40  3:52  Probe  
  40  3:53  Oracle (Chrono Boost), Probe  
  45  4:04  Probe, Stalker, Pylon  
  45  4:05  Probe  
  49  4:16  Probe  
  49  4:17  Probe  
  49  4:20  Adept  
  49  4:22  Pylon  
  51  4:26  Oracle (Chrono Boost)  
  51  4:28  Probe  
  51  4:29  Probe  
  56  4:39  Nexus  
  56  4:40  Probe  
  56  4:42  Probe, Pylon  
  58  4:52  Probe  
  59  4:53  Twilight Council  
  59  4:54  Probe  
  60  5:02  Forge  
  60  5:04  Probe (Chrono Boost)  
  60  5:06  Assimilator  
  62  5:09  Adept x2, Probe (Chrono Boost)  
  66  5:16  Probe (Chrono Boost)  
  68  5:22  Probe x2 (Chrono Boost)  
  68  5:26  Charge  
  69  5:29  Protoss Ground Weapons Level 1 (Chrono Boost)  
  69  5:30  Probe x2  
  69  5:31  Sentry  
  69  5:33  Shield Battery  
  73  5:38  Gateway  
  73  5:40  Gateway  
  73  5:42  Probe  
  74  5:43  Probe  
  74  5:48  Pylon  
  75  5:51  Gateway  
  75  5:53  Probe  
  75  5:54  Gateway, Probe  
  75  5:55  Probe  
  76  6:05  Probe  
  76  6:06  Stalker x2  
  81  6:11  Gateway  
  81  6:12  Gateway  
  81  6:16  Gateway  
  81  6:18  Pylon  
  81  6:20  Probe x3  
  81  6:23  Pylon  
  84  6:32  Zealot x2  
  89  6:33  Probe  
  89  6:36  Robotics Facility, Pylon  
  89  6:39  Assimilator  
  90  6:40  Zealot  
  90  6:41  Zealot  
  93  6:55  Zealot x4  
  93  7:01  Zealot  
  103  7:04  Zealot  
  105  7:11  Zealot x3  
  105  7:15  Photon Cannon  
  111  7:16  Zealot x4  
  111  7:21  Templar Archives  
  111  7:22  Pylon  
  119  7:36  Zealot x5  
  113  7:48  Zealot x4  
  113  7:50  Immortal (Chrono Boost)  
  101  8:02  Probe  
  101  8:05  Protoss Ground Weapons Level 2 (Chrono Boost), High Templar x4  
  104  8:09  Archon x2  
  104  8:15  Immortal (Chrono Boost), Assimilator  
  104  8:23  Sentry  
  104  8:24  Probe, Pylon  
  104  8:26  Nexus  
  111  8:28  Psionic Storm  
  111  8:30  Pylon  
  111  8:31  Photon Cannon  
  111  8:34  Shield Battery  
  111  8:35  Pylon  
  111  8:37  Probe  
  111  8:41  Probe  
  113  8:42  Probe  
  113  8:43  Assimilator  
  113  8:47  Pylon  
  114  8:49  Probe  
  114  8:52  Photon Cannon  
  114  8:54  Shield Battery  
  115  9:02  High Templar x2  
  119  9:08  Archon  
  119  9:11  Probe  
  119  9:14  Zealot x2  
  119  9:15  Zealot  
  126  9:17  Zealot x2  
  126  9:18  Zealot  
  126  9:26  Probe  
  127  9:33  Immortal (Chrono Boost), Probe  
  127  9:36  High Templar x2  
  124  9:55  High Templar  
  124  9:56  Probe x3  
  124  9:57  Probe  
  130  10:00  Assimilator x2  
  130  10:01  Zealot x3, Warp Prism (Chrono Boost)  
  130  10:02  Zealot  
  138  10:09  Photon Cannon  
  138  10:10  Probe  
  138  10:13  High Templar x2  
  133  10:21  Zealot x4  
  133  10:23  Archon  
  141  10:30  Immortal (Chrono Boost)  
  141  10:41  High Templar x2  
  141  10:43  Photon Cannon  
  141  10:45  Pylon x2  
  141  10:46  Archon  
  141  10:50  Zealot x6  
  133  11:08  Archon  
  133  11:10  Zealot  
  133  11:11  Probe  
  96  11:21  Zealot x7  
  104  11:26  Probe x2  
  104  11:28  Immortal (Chrono Boost)  
  96  11:34  Probe  
  96  11:36  Shield Battery  
  96  11:38  Zealot x2  
  97  11:41  High Templar x2  
  97  11:42  High Templar x3  
  97  11:43  High Templar  
  109  11:47  Archon  
  109  11:49  High Templar  
  111  11:55  Nexus  
  111  11:57  Shield Battery  
  111  12:00  High Templar x2  
  111  12:01  Warp Prism (Chrono Boost), Probe x3  
  120  12:09  Archon  
  120  12:13  Zealot x3, Probe  
  113  12:25  Zealot x4  
  121  12:31  Nexus  
  121  12:33  Zealot  
  121  12:34  High Templar  
  121  12:35  High Templar  
  127  12:40  Photon Cannon  
  127  12:41  High Templar x2  
  127  12:42  Shield Battery, Archon  
  131  12:44  Pylon  
  131  12:57  Protoss Ground Weapons Level 3 (Chrono Boost)  
  131  12:59  Stalker  
  131  13:03  Zealot  
  131  13:04  Zealot x2  
  139  13:07  High Templar  
  135  13:16  Probe  
  130  13:27  Immortal (Chrono Boost), Probe  
  130  13:31  Probe  
  130  13:35  Assimilator  
  130  13:37  Assimilator  
  130  13:39  Photon Cannon, Pylon  
  130  13:41  Stalker x2  
  130  13:46  Fleet Beacon  
  134  13:54  Zealot x2  
  134  13:55  Zealot x2  
  142  13:58  Observer (Chrono Boost)  
  143  14:04  Zealot x4  
  150  14:11  Immortal  
  154  14:17  Stargate  
  154  14:22  Photon Cannon  
  154  14:23  Mothership, Photon Cannon  
  154  14:24  Shield Battery  
  154  14:26  Protoss Air Weapons Level 1 (Chrono Boost), Pylon  
  150  14:45  Carrier (Chrono Boost)  
  158  14:46  Pylon  
  158  14:52  Nexus  
  164  15:01  Carrier (Chrono Boost)  
  164  15:06  Photon Cannon  
  170  15:07  Photon Cannon  
  170  15:10  Photon Cannon  
  170  15:11  Shield Battery  
  170  15:22  Pylon  
  170  15:24  Observer  
  171  15:30  Zealot  
  171  15:32  Dark Shrine  
  173  15:37  Protoss Shields Level 1 (Chrono Boost)  
  173  15:40  Carrier (Chrono Boost)  
  179  15:51  Carrier (Chrono Boost)  
  179  15:53  Probe  
  180  16:17  Probe  
  180  16:19  Zealot  
  180  16:22  Assimilator  
  180  16:24  Assimilator  
  183  16:27  Carrier (Chrono Boost)  
  183  16:30  Photon Cannon  
  183  16:32  Photon Cannon  
  189  16:34  Shield Battery  
  189  16:35  Pylon  
  186  16:52  Archon  
  186  17:03  Void Ray (Chrono Boost)  
  178  17:23  Zealot x9  
  178  17:26  Carrier (Chrono Boost)  
  196  17:37  Assimilator  
  196  17:38  Protoss Air Weapons Level 2 (Chrono Boost)  
  194  18:01  Void Ray  
  194  18:03  Dark Templar x2  
  194  18:04  Dark Templar  
  200  18:07  Pylon  
  200  18:14  Blink (Chrono Boost)  
  200  18:19  Protoss Shields Level 2 (Chrono Boost)  
  196  18:20  Carrier (Chrono Boost)  
  200  18:33  Photon Cannon  
  200  18:34  Nexus  
  196  18:35  Photon Cannon  
  196  18:36  Flux Vanes  
  196  18:38  Photon Cannon  
  196  18:39  Photon Cannon  
  196  18:40  Shield Battery  
  196  18:42  Pylon  
  196  18:43  Carrier (Chrono Boost)  
  190  18:53  High Templar x4  
  190  19:04  Archon x2  
  190  19:06  High Templar x3  
  196  19:10  Pylon  
  196  19:13  Photon Cannon  
  196  19:24  Stargate  
  196  19:25  Gateway  
  196  19:26  Stargate  
  196  19:30  Photon Cannon  
  196  19:31  Photon Cannon  
  196  19:33  Observer, Photon Cannon  
  196  19:35  Shield Battery  
  196  19:38  Pylon  
  187  19:47  Zealot x6  
  195  20:07  High Templar x2  
  195  20:09  Photon Cannon  
  195  20:11  Photon Cannon  
  195  20:13  Shield Battery, Photon Cannon  
  187  20:15  Pylon  
  187  20:17  Assimilator  
  187  20:23  Assimilator  
  187  20:25  Protoss Air Weapons Level 3 (Chrono Boost)  
  165  20:44  Carrier (Chrono Boost)  
  165  20:45  Carrier x3 (Chrono Boost)  
  188  21:00  Zealot x3  
  188  21:01  Zealot x5  
  152  21:23  High Templar x2  
  152  21:24  High Templar x4  
  134  21:27  Archon  
  134  21:28  Archon  
  134  21:34  Archon  
  134  21:38  Immortal  
  138  21:42  High Templar  
  138  21:43  High Templar x2  
  138  21:45  Zealot  
  146  22:05  Zealot x7  
  158  22:16  Zealot x3  
  164  22:23  Mothership (Chrono Boost)  
  164  22:26  Immortal  
  176  22:30  High Templar x2  
  166  22:54  High Templar  
  168  23:02  Carrier x2 (Chrono Boost)  
  168  23:04  Warp Prism  
  182  23:20  High Templar x3  
  182  23:21  High Templar  
  182  23:23  Protoss Air Armor Level 1 (Chrono Boost)  
  190  23:29  Archon  
  186  23:58  Archon  
  184  24:04  Carrier x2 (Chrono Boost)  
  190  24:36  Observer  
  191  24:40  Robotics Bay  
  191  24:47  Protoss Shields Level 3  
  191  24:49  Pylon  
  191  24:58  Observer  
  180  25:16  Nexus  
  180  25:19  Photon Cannon  
  180  25:21  Photon Cannon  
  180  25:22  Shield Battery  
  180  25:24  Shield Battery, Gravitic Drive (Chrono Boost)  
  180  25:26  Pylon  
  180  25:31  Protoss Air Armor Level 2 (Chrono Boost)  
  180  25:39  Assimilator  
  180  25:43  Assimilator  
  180  25:47  Zealot x10, Pylon  
  194  26:05  Gravitic Boosters  
  194  26:08  Photon Cannon  
  194  26:09  Shield Battery, Observer  
  195  26:29  Warp Prism  
  195  26:30  Photon Cannon  
  181  26:36  Photon Cannon  
  181  26:37  Dark Templar  
  157  26:59  Zealot x9  
  173  27:06  Tempest x2 (Chrono Boost)  
  173  27:07  Tempest (Chrono Boost)  
  173  27:08  Tempest (Chrono Boost)  
  169  27:42  High Templar x2  
  173  27:45  Protoss Ground Armor Level 1  
  171  28:10  Zealot x7  
  180  28:20  Archon  
  130  28:39  Stalker x4  
  130  28:40  Unknown, Anion Pulse-Crystals, Stalker x5  
  118  28:54  Carrier x2 (Chrono Boost)  
  112  28:56  Mothership (Chrono Boost)  
  112  28:59  Carrier x2 (Chrono Boost)  
  140  29:17  Nexus  
  140  29:45  High Templar x2  
  142  29:46  High Templar  
  140  30:02  High Templar x3  
  140  30:03  High Templar  
  148  30:11  Archon x2  
  148  30:13  High Templar  
  150  30:23  Pylon  
  150  30:25  Archon  
  150  30:30  High Templar x2  
  153  30:36  Zealot x7  
  165  30:53  Zealot x4  
  173  30:58  Observer (Chrono Boost)  
  173  31:03  Photon Cannon  
  170  31:04  Dark Templar x2  
  170  31:05  Zealot x3, Dark Templar  
  176  31:16  Warp Prism (Chrono Boost)  
  168  31:54  High Templar x2  
  168  31:55  Zealot x7  
  168  31:59  Archon  
  178  33:07  Observer  
  178  33:38  Carrier (Chrono Boost)  
  178  33:39  Carrier (Chrono Boost)  
  190  34:02  Nexus  
  190  34:05  Pylon  
  188  34:29  Photon Cannon  
  188  34:30  Photon Cannon  
  188  34:31  Shield Battery  
  188  34:38  Stalker x6  
  150  35:12  Templar Archives  
  150  35:16  Assimilator  
  150  35:21  Assimilator  
  150  35:39  Dark Templar  
  152  36:13  Gateway  
  152  36:17  Gateway  
  152  36:19  Pylon  
  152  36:27  Nexus  
  152  36:31  Pylon  
  152  36:33  Unknown  
  152  36:37  Observer  
  152  36:39  High Templar  
  152  37:14  Cybernetics Core  
  152  37:15  Gateway  
  152  37:18  Gateway  
  152  37:25  Forge  
  152  37:38  Zealot  
  154  37:44  Zealot  
  156  37:58  Stargate  
  164  37:59  Void Ray x2 (Chrono Boost), Stargate  
  164  38:22  Fleet Beacon  
  164  38:23  Photon Cannon  
  164  38:24  Shield Battery  
  161  38:44  Nexus  
  161  38:45  Pylon  
  159  38:56  Pylon  
  159  39:08  Photon Cannon  
  159  39:09  Photon Cannon  
  159  39:10  Shield Battery  
  159  39:11  Tempest (Chrono Boost)  
  159  39:12  Tempest (Chrono Boost), Photon Cannon  
  172  39:25  Shield Battery  
  169  39:56  Tempest (Chrono Boost)  
  169  39:57  Shield Battery, Oracle (Chrono Boost)  
  169  39:59  Pylon  
  179  40:06  Tempest (Chrono Boost)  
  173  40:50  Tempest x2  
  183  41:03  Pylon  
  183  41:19  Pylon  
  183  41:21  Pylon  
  183  41:23  Pylon  
  183  41:26  Stargate  
  183  41:27  Pylon  
  179  42:00  Carrier x2  
  178  42:42  Pylon  
  178  42:43  Pylon  
  178  42:45  Pylon  
  178  42:46  Pylon  
  178  42:55  Mothership (Chrono Boost)  
  186  43:20  Shield Battery  
  186  43:22  Shield Battery  
  194  43:28  Zealot x3, Void Ray x2 (Chrono Boost)  
  200  43:43  Gateway  
  200  43:45  Gateway  
  200  43:48  Robotics Facility  
  198  43:51  Gateway  
  198  43:53  Gateway  
  181  45:02  Warp Prism (Chrono Boost)  
  183  45:10  Pylon  
  183  45:14  Assimilator  
  183  45:19  High Templar  
  185  45:27  Void Ray (Chrono Boost)  
  193  45:32  Void Ray (Chrono Boost)  
  193  45:33  Protoss Air Armor Level 3 (Chrono Boost)  
  193  46:16  Pylon  
  193  46:54  High Templar  
  193  46:55  High Templar x2  
  192  47:34  Zealot x2  
  192  47:56  Robotics Facility  
  192  48:05  Zealot  
  192  48:06  Zealot x3  
  200  48:26  Assimilator  
  192  49:33  High Templar x3  
  183  50:37  Zealot x8  
  178  51:27  Archon  
  174  51:35  Zealot  
  174  51:36  Zealot x7  
  186  51:40  Tempest x2 (Chrono Boost)  
  196  51:55  Pylon  
  194  52:13  Oracle (Chrono Boost)  
  197  52:16  Shield Battery  
  197  52:18  Shield Battery, Oracle (Chrono Boost)  
  197  52:19  Shield Battery  
  197  52:20  Shield Battery x2  
  200  52:22  Photon Cannon  
  200  52:27  Photon Cannon, Pylon  
  200  52:42  Photon Cannon  
  200  52:43  Shield Battery  
  200  52:45  Shield Battery x2  
  192  52:52  Shield Battery  
  188  53:21  Shield Battery  
  188  53:22  Shield Battery  
  188  53:23  Shield Battery  
  188  53:25  Pylon  
  188  53:46  Photon Cannon  
  188  53:47  Shield Battery  
  188  53:49  Shield Battery, Photon Cannon  
  188  53:51  Photon Cannon  
  178  54:49  Zealot  
  178  54:50  Zealot x2  
  184  54:56  Shield Battery  
  184  54:58  Shield Battery  
  184  54:59  Shield Battery  
  184  55:36  Pylon  
  184  55:56  Shield Battery x2  
  184  56:34  High Templar x3  
  188  58:16  Mothership (Chrono Boost)  
  133  68:00  Zealot  
  133  68:01  Zealot  
  129  68:19  Zealot x5  
  136  68:35  Zealot x2  
Show
View Real Time Build Order
Export as new Build Order

Scarlett Zerg - Winner!

Build Orders: 3 Hatch before Pool, Lurkers 

Get SALT Encoding   

  12  0:00  Drone  
  13  0:13  Overlord  
  13  0:16  Drone  
  14  0:31  Drone  
  14  0:32  Drone  
  16  0:46  Drone  
  16  0:47  Drone  
  18  1:07  Drone  
  18  1:11  Hatchery  
  18  1:20  Hatchery  
  18  1:23  Drone  
  18  1:27  Drone  
  19  1:37  Extractor  
  18  1:41  Spawning Pool  
  18  1:44  Drone  
  18  1:47  Drone  
  18  1:51  Drone  
  20  2:01  Evolution Chamber  
  20  2:02  Drone  
  21  2:15  Overlord  
  22  2:28  Queen  
  22  2:29  Zergling x2, Queen  
  28  2:30  Zergling x2  
  28  2:34  Zergling x4  
  28  2:36  Metabolic Boost  
  30  2:48  Drone x2  
  32  2:55  Overlord  
  32  2:59  Drone  
  32  3:04  Queen  
  32  3:05  Drone  
  36  3:13  Queen, Drone  
  36  3:16  Overlord  
  36  3:18  Drone  
  40  3:27  Drone x2  
  42  3:37  Drone x2  
  42  3:38  Drone  
  42  3:39  Drone  
  42  3:40  Hatchery, Overlord  
  45  3:42  Drone x2  
  45  3:44  Drone  
  48  3:50  Queen  
  50  3:56  Evolution Chamber  
  50  3:57  Queen  
  51  4:04  Drone  
  51  4:05  Drone x2  
  54  4:12  Drone x5  
  54  4:16  Overlord  
  59  4:18  Overlord  
  59  4:23  Zerg Melee Weapons Level 1  
  59  4:34  Queen  
  59  4:37  Baneling Nest  
  60  4:41  Drone x6  
  60  4:42  Drone  
  68  4:45  Zergling x6  
  68  4:48  Zergling x2  
  71  4:53  Spore Crawler  
  71  4:55  Spore Crawler  
  71  4:56  Zergling x6  
  72  5:01  Spore Crawler  
  72  5:04  Lair  
  72  5:05  Drone  
  72  5:13  Zergling x8  
  76  5:15  Zergling x2  
  76  5:16  Zergling x6  
  76  5:19  Extractor  
  77  5:26  Baneling x3  
  77  5:27  Drone x2  
  78  5:30  Drone x4  
  82  5:36  Overlord  
  82  5:38  Overlord  
  82  5:44  Overlord  
  82  5:50  Overlord  
  82  5:52  Hatchery  
  82  5:56  Drone x8  
  89  6:04  Drone x4  
  89  6:07  Drone  
  89  6:09  Extractor  
  89  6:10  Drone x2  
  94  6:12  Hydralisk Den  
  94  6:14  Drone x5  
  94  6:17  Extractor x2  
  96  6:18  Extractor  
  96  6:21  Zerg Melee Weapons Level 2  
  96  6:22  Drone  
  96  6:25  Drone x3  
  98  6:35  Drone  
  98  6:38  Drone x5, Hatchery  
  103  6:41  Overlord  
  103  6:43  Overlord  
  103  6:46  Centrifugal Hooks  
  103  6:52  Zergling x2  
  103  6:53  Zergling x10  
  106  6:57  Grooved Spines  
  106  6:58  Zergling x6  
  109  7:04  Zergling x10  
  114  7:10  Hydralisk x3  
  120  7:15  Hydralisk  
  120  7:16  Hydralisk x2  
  120  7:19  Drone  
  127  7:26  Baneling x7  
  127  7:27  Zergling x14  
  134  7:33  Hydralisk  
  134  7:34  Zergling x4  
  131  7:40  Zergling x8  
  131  7:43  Baneling x6  
  131  7:44  Baneling x3  
  125  7:46  Zergling x6  
  125  7:48  Zergling x8  
  125  7:50  Zergling x4  
  115  8:04  Drone x9  
  121  8:11  Drone x6  
  127  8:13  Baneling x3  
  127  8:14  Baneling  
  127  8:18  Muscular Augments  
  127  8:24  Drone x5  
  127  8:26  Drone  
  133  8:30  Overlord x3  
  133  8:34  Overseer  
  133  8:37  Baneling  
  133  8:38  Baneling x10  
  133  8:44  Overlord  
  133  8:51  Hydralisk x6  
  133  8:53  Zergling x6  
  133  8:55  Zergling x4  
  149  9:02  Hydralisk x4  
  155  9:05  Zergling x8  
  155  9:08  Zerg Missile Weapons Level 1  
  156  9:13  Hydralisk x3  
  154  9:26  Hydralisk x4  
  154  9:27  Zergling x6  
  163  9:32  Hydralisk x2  
  163  9:33  Zergling x10  
  163  9:34  Overlord x2  
  159  9:39  Overlord x2  
  159  9:44  Overlord  
  159  9:49  Extractor  
  159  9:50  Baneling x12  
  158  9:55  Overseer  
  158  9:56  Zergling x2  
  158  9:57  Zergling x20  
  169  10:01  Baneling x5  
  169  10:06  Overlord  
  169  10:07  Overseer  
  169  10:08  Zergling x14  
  175  10:16  Zergling x18  
  180  10:21  Zergling x4  
  180  10:22  Zergling x8  
  185  10:31  Hydralisk x4  
  185  10:32  Zergling x6  
  192  10:37  Zergling x12  
  190  10:50  Baneling  
  190  10:51  Baneling x11  
  190  10:56  Zergling x16  
  192  10:57  Hatchery  
  177  11:08  Zergling x26  
  177  11:10  Zergling x2  
  162  11:13  Zergling x8  
  154  11:19  Hydralisk  
  154  11:20  Hydralisk x2  
  151  11:30  Zergling x18  
  147  11:37  Hydralisk x5  
  153  11:42  Overlord x2  
  153  11:45  Zerg Missile Weapons Level 2  
  153  11:50  Drone  
  153  11:52  Drone  
  155  11:54  Baneling x13  
  155  11:56  Baneling x4  
  155  11:58  Baneling x3  
  155  12:00  Overseer  
  155  12:04  Baneling x9  
  156  12:08  Drone  
  156  12:09  Infestation Pit  
  143  12:23  Hydralisk x7  
  143  12:26  Drone x4  
  143  12:29  Drone  
  165  12:30  Drone x3  
  165  12:34  Baneling x10  
  165  12:36  Baneling x2  
  165  12:40  Zergling x10  
  170  12:50  Hydralisk x5  
  179  12:55  Overseer  
  179  12:57  Zergling x16  
  178  13:10  Hive  
  178  13:11  Drone, Lurker Den  
  177  13:13  Baneling  
  177  13:14  Zergling x10, Baneling x4  
  177  13:15  Zergling x2  
  179  13:28  Zergling x2  
  179  13:29  Zergling x24  
  179  13:30  Drone x5  
  195  13:42  Drone x3, Extractor  
  195  13:44  Spine Crawler  
  195  13:47  Extractor  
  195  13:50  Extractor  
  194  13:58  Evolution Chamber  
  194  14:02  Zerg Ground Armor Level 1  
  193  14:17  Lurker  
  193  14:18  Lurker x6  
  199  14:26  Zerg Missile Weapons Level 3, Adrenal Glands  
  199  14:44  Seismic Spines  
  189  15:09  Lurker x7  
  196  15:15  Spine Crawler x2  
  196  15:16  Drone x5, Spine Crawler  
  196  15:17  Drone, Spine Crawler  
  196  15:18  Drone  
  196  15:19  Spine Crawler  
  196  15:20  Spine Crawler  
  197  15:26  Overseer  
  197  15:27  Pneumatized Carapace  
  197  15:34  Hatchery  
  196  15:40  Spire  
  196  15:41  Overseer, Adaptive Talons  
  191  16:02  Hydralisk x8  
  200  16:08  Zerg Melee Weapons Level 3  
  200  16:24  Unknown  
  200  16:25  Hatchery  
  195  16:33  Viper x2  
  195  16:47  Extractor  
  195  16:48  Spire  
  193  16:58  Corruptor x3, Greater Spire  
  199  17:03  Overseer  
  193  17:10  Overseer x3  
  193  17:13  Corruptor x6  
  193  17:14  Spore Crawler  
  193  17:15  Spore Crawler x2  
  196  17:28  Spore Crawler  
  196  17:29  Spore Crawler  
  194  17:30  Spore Crawler  
  194  17:35  Spore Crawler  
  194  17:36  Spore Crawler  
  194  17:37  Spore Crawler x2  
  189  17:40  Corruptor x5  
  195  18:03  Baneling x9  
  195  18:05  Corruptor x2  
  199  18:16  Zerg Flyer Weapons Level 1, Zerg Flyer Armor Level 1  
  198  18:36  Spore Crawler  
  198  18:37  Spore Crawler x2, Overseer x2  
  198  18:38  Overseer  
  192  18:49  Spine Crawler  
  192  18:50  Spine Crawler  
  192  18:52  Spore Crawler, Spine Crawler  
  178  19:04  Zergling x26  
  191  19:21  Pathogen Glands, Zerg Ground Armor Level 2, Burrow  
  191  19:23  Hatchery  
  190  19:24  Spore Crawler  
  190  19:26  Spore Crawler x2  
  190  19:27  Drone  
  190  19:28  Drone x12  
  190  19:29  Spore Crawler  
  190  19:30  Spore Crawler x2  
  197  19:44  Viper  
  192  19:53  Overseer x2  
  192  19:58  Spine Crawler  
  192  19:59  Spore Crawler  
  190  20:07  Drone x3  
  190  20:09  Spine Crawler  
  190  20:19  Extractor  
  158  20:39  Corruptor  
  158  20:40  Corruptor x3  
  158  20:41  Hydralisk x2  
  158  20:42  Zergling x54  
  191  20:43  Zergling x12  
  195  20:54  Zergling x2  
  195  20:55  Zergling x16  
  153  21:29  Hatchery  
  153  21:32  Zerg Flyer Weapons Level 2, Ultralisk Cavern, Zerg Flyer Armor Level 2  
  152  21:37  Drone x2  
  152  21:38  Drone x11  
  152  21:39  Overlord x2  
  164  21:41  Corruptor  
  164  21:42  Corruptor x6  
  164  21:43  Infestor x5  
  164  21:44  Unknown  
  187  21:47  Neural Parasite  
  185  22:04  Baneling x11  
  185  22:08  Zerg Ground Armor Level 3  
  180  22:27  Chitinous Plating  
  174  22:53  Spine Crawler  
  174  22:54  Spine Crawler  
  174  22:55  Spore Crawler  
  174  22:56  Brood Lord x2  
  174  22:57  Brood Lord x2  
  179  22:59  Brood Lord  
  179  23:00  Brood Lord  
  183  23:11  Queen  
  185  23:17  Queen  
  175  23:46  Anabolic Synthesis  
  175  23:52  Spore Crawler  
  175  23:54  Spore Crawler  
  173  24:09  Spore Crawler x2  
  170  24:10  Spore Crawler x2  
  168  24:23  Corruptor x3  
  168  24:24  Corruptor x7  
  167  24:27  Brood Lord x4  
  194  24:51  Zerg Flyer Weapons Level 3, Zerg Flyer Armor Level 3  
  184  25:21  Zergling x8, Ultralisk x2  
  197  25:42  Overseer  
  197  25:46  Spore Crawler  
  197  25:47  Spore Crawler  
  197  25:48  Spore Crawler  
  197  25:49  Spore Crawler  
  193  26:05  Baneling x2  
  193  26:06  Baneling x6  
  193  26:23  Spore Crawler x2  
  191  26:25  Spore Crawler  
  166  26:58  Zergling x2, Ultralisk x3  
  166  26:59  Zergling x20  
  179  27:07  Corruptor  
  179  27:08  Corruptor x6  
  187  27:09  Infestor x6  
  198  27:38  Hatchery  
  198  27:40  Overlord x3  
  143  28:35  Zergling x16  
  165  28:42  Infestor  
  129  29:05  Infestor x5  
  129  29:07  Hatchery  
  136  29:10  Queen  
  138  29:27  Spawning Pool  
  137  29:46  Corruptor x8  
  153  30:02  Drone  
  154  30:16  Lair  
  154  30:27  Brood Lord x3  
  160  30:29  Corruptor x3  
  156  30:40  Hatchery  
  153  30:45  Corruptor x2  
  153  31:33  Zergling x6  
  153  31:34  Zergling x2  
  153  31:35  Queen  
  153  31:36  Extractor  
  153  31:38  Zergling x20, Ultralisk x2  
  173  31:41  Baneling  
  173  31:42  Baneling x4, Extractor  
  165  32:37  Infestation Pit  
  164  33:17  Hive  
  164  33:23  Spire  
  161  34:02  Baneling  
  161  34:03  Baneling x7  
  161  34:16  Overlord x2  
  161  34:22  Hatchery  
  160  34:30  Viper x2  
  166  34:31  Viper  
  166  34:34  Overlord x2  
  166  34:35  Corruptor x3  
  168  35:18  Greater Spire  
  168  35:34  Extractor  
  167  35:37  Extractor  
  165  37:16  Spore Crawler  
  165  37:17  Spore Crawler, Queen  
  165  37:18  Spore Crawler, Queen x2  
  165  37:19  Queen  
  170  37:32  Zergling x24  
  182  37:48  Overseer x4  
  155  42:36  Corruptor  
  155  42:37  Corruptor x3  
  162  44:22  Corruptor x8  
  177  44:51  Corruptor x7  
  191  45:12  Queen  
  191  45:13  Queen x2  
  197  45:16  Spore Crawler  
  197  45:17  Spore Crawler  
  197  45:18  Spore Crawler x3  
  197  45:21  Spore Crawler  
  191  45:22  Spore Crawler x4  
  191  45:25  Spore Crawler x2  
  191  45:26  Spore Crawler  
  184  45:30  Spore Crawler  
  182  46:42  Overseer x2  
  175  50:01  Spore Crawler  
  175  50:03  Spore Crawler x2  
  175  50:04  Spore Crawler  
  175  50:05  Spore Crawler x4  
  175  50:06  Spore Crawler x2  
  165  50:07  Spore Crawler x2  
  162  50:27  Spore Crawler  
  163  50:30  Spore Crawler  
  163  50:31  Zergling x24  
  163  50:33  Spore Crawler  
  173  50:38  Spore Crawler  
  173  50:39  Spore Crawler  
  173  50:40  Spore Crawler  
  167  51:04  Zergling x22  
  170  51:59  Hatchery  
  169  52:08  Spore Crawler  
  168  54:12  Zergling x18  
  168  54:13  Zergling x30  
  170  57:31  Viper x2  
  142  64:11  Drone  
  143  64:34  Infestation Pit  
  142  65:21  Infestor x3  
  146  67:33  Infestor  
  128  68:14  Infestor  
  128  68:15  Infestor  
  132  68:39  Zergling x28  
  132  68:40  Zergling x2  
  147  69:06  Drone  
  148  69:13  Infestor x5  
  144  69:32  Spire  
Tags
 
Add a new tag
Caveats
  • Supply blocks, unpowered buildings, or Contaminate may cause inaccurate times.
  • Supply counts are checked every 10 seconds.